 Dungeon Crawl Stone Soup version 0.25-a0-668-gea548f1 (webtiles) character file.

Game seed: 3475897884414977516, levelgen mode: deterministic

161 Faca the Skirmisher (level 5, -1/43 HPs)
             Began as a Human Fighter on Mar 28, 2020.
             Killed by divine providence
             ... invoked by an orc priest
              (12 damage)
             ... on level 3 of the Dungeon.
             The game lasted 00:03:06 (1473 turns).

Faca the Skirmisher (Human Fighter)                 Turns: 1473, Time: 00:03:07

Health: -1/43      AC:  6    Str: 17    XL:     5   Next: 70%
Magic:  5/5        EV:  7    Int:  9    God:
Gold:   99         SH:  9    Dex: 12    Spells: 4/4 levels left

rFire    . . .     SeeInvis .   a - +0 flail
rCold    . . .     Gourm    .   c - +0 kite shield
rNeg     . . .     Faith    .   b - +0 scale mail
rPois    +         Spirit   .   (no helmet)
rElec    .         Reflect  .   (no cloak)
rCorr    .         Harm     .   (no gloves)
MR       .....                  (no boots)
Stlth    ..........             (no amulet)
HPRegen  0.14/turn              e - ring of poison resistance
MPRegen  0.09/turn              (no ring)

@: no status effects
A: no striking features
a: no special abilities


You were on level 3 of the Dungeon.
You were not hungry.

You visited 1 branch of the dungeon, and saw 3 of its levels.

You collected 99 gold pieces.

Inventory:

Hand Weapons
 a - a +0 flail (weapon)
Armour
 b - a +0 scale mail (worn)
 c - a +0 kite shield (worn)
Jewellery
 e - a ring of poison resistance (left hand)
Scrolls
 g - a scroll of blinking {unknown}
 i - 2 scrolls of teleportation
Potions
 d - a potion of might
 j - 2 potions of haste
 k - a potion of invisibility
Comestibles
 f - 3 rations


   Skills:
 + Level 4.7 Fighting
 + Level 4.0 Maces & Flails
 - Level 3.0 Armour
 - Level 3.0 Shields


You had 4 spell levels left.
You didn't know any spells.
Your spell library was empty.

Dungeon Overview and Level Annotations

Branches:
Dungeon (3/15)

Altars:
Gozag
Hepliaklqana
Kikubaaqudgha
Nemelex Xobeh


Message History

You sock the frilled lizard!
You kill the frilled lizard!
The orc hits you with a cursed +0 falchion.
Your shield and scale mail prevent you from hitting the orc priest.
The orc hits you but does no damage. You block the orc priest's attack.
You hit the orc priest.
The orc priest is moderately wounded.
The orc hits you but does no damage. The orc priest closely misses you.
You block the orc's attack.
The orc priest hits you with a +0 hand axe.
* * * LOW HITPOINT WARNING * * *
You barely miss the orc priest.
The orc priest is moderately wounded.
The orc hits you but does no damage. The orc priest barely misses you.
You sock the orc priest!
The orc priest is almost dead.
You block the orc's attack.
The orc priest mumbles some strange prayers to Beogh against you.
Beogh smites you!
You die...

#.# #.# #.# #.#
#######.####
...........#
######.##.#
..#######.##.###
<...<.)......o@#
..########...o.#
#.........
#..>[.####
#.....# #######


You could see an orc priest and an orc.

Vanquished Creatures
  An orc wizard (D:3)
  8 adders
  2 oozes (D:2)
  A leopard gecko (D:2)
  3 orcs
  3 bats
  2 giant cockroaches (D:1)
  7 goblins
  2 hobgoblins (D:1)
  7 jackals (D:1)
  A quokka (D:2)
  4 frilled lizards
  4 kobolds (D:1)
  6 rats
51 creatures vanquished.

Notes
Turn   | Place    | Note
-------+----------+-------------------------------------------
     0 | D:1      | Faca the Human Fighter began the quest for the Orb.
     0 | D:1      | Reached XP level 1. HP: 18/18 MP: 1/1
    45 | D:1      | Reached XP level 2. HP: 21/24 MP: 2/2
   206 | D:1      | Reached XP level 3. HP: 23/29 MP: 3/3
   757 | D:2      | Reached XP level 4. HP: 34/37 MP: 4/4
   821 | D:2      | Found an opulent altar of Gozag.
   920 | D:2      | Found a hazy altar of Hepliaklqana.
   965 | D:2      | Found a sparkling altar of Nemelex Xobeh.
  1134 | D:2      | Found an ancient bone altar of Kikubaaqudgha.
  1198 | D:2      | Reached XP level 5. HP: 41/42 MP: 5/5
  1473 | D:3      | Killed from afar by an orc priest

Levels and vault maps discovered:
D:1:      matt_arrival_los_fun, layout_basic
D:2:      layout_loops_ring, kiku_gazebo_garden_becter,
          nicolae_overflow_crystal_walls, overflow_temple_1_default,
          minmay_misc_feat_encased, nemelex_dance_club_becter
D:3:      layout_loops_ring, old_standard_altar, first_ration, kennysheep_donut,
          uniq_ijyb, uniq_grinder, uniq_crazy_yiuf_cottage, uniq_natasha

Skill      XL: |  1  2  3  4  5 |
---------------+----------------+-----
Maces & Flails | 3 4 |  4.0
Fighting       | 4 |  4.7
Armour         | |  3.0
Shields        | |  3.0

Action                   |  1- 3 |  4- 6 || total
-------------------------+-------+-------++-------
Melee: Flail             |    98 |    91 ||   189
  Use: Scroll            |     3 |     5 ||     8
  Eat: Chunk             |       |     2 ||     2
Armor: Scale mail        |    50 |    51 ||   101
Dodge: Dodged            |    20 |    30 ||    50
Block: Kite shield       |    61 |    52 ||   113

Table legend:
 A = Non-vault XP
 B = Vault XP
 C = Vault XP percentage of total XP
 D = Non-vault monster count
 E = Vault monster count
 F = Vault count percentage of total count
                 A         B        C        D         E       F
            +---------+---------+-------+---------+---------+-------
      Total |     221 |      10 |   4.3 |      49 |       2 |   3.9
            +---------+---------+-------+---------+---------+-------
        D:1 |      44 |       0 |   0.0 |      25 |       0 |   0.0
        D:2 |     117 |      10 |   7.9 |      19 |       2 |   9.5
        D:3 |      60 |       0 |   0.0 |       5 |       0 |   0.0
            +---------+---------+-------+---------+---------+-------
